 Dungeon Sprint DCSS version 0.31-a0-656-gb4d89c20fa (webtiles) character file.

Game seed: 15600836671104744431

22 rocky1 the Ruffian (level 2, -3/22 HPs)
             Began as a Demonspawn Shapeshifter on Aug 31, 2023.
             Slain by an ogre
             ... wielding a +0 giant club
              (11 damage)
             ... in the Dungeon (Sprint IX: "|||||||||||||||||||||||||||||").
             The game lasted 00:00:18 (169 turns).

rocky1 the Ruffian (Demonspawn Shapeshifter)         Turns: 169, Time: 00:00:19

Health: -3/22      AC:  2    Str: 14    XL:     2   Next: 68%
Magic:  2/2        EV: 12    Int: 11    God:
Gold:   0          SH:  0    Dex: 12    Spells: 1/1 levels left

rFire   . .          .
                       - Unarmed
rCold   . . .        (no shield)
rNeg    . . .        a - +0 animal skin
rPois   .            (helmet currently unavailable)
rElec   .            (cloak currently unavailable)
rCorr   .            (gloves currently unavailable)
SInv    .            (boots currently unavailable)
Will    .....        (no amulet)
Stlth   +            (no ring)
HPRegen 0.23/turn    (no ring)
MPRegen 0.08/turn

%: no teleportation
@: beast-form
A: beast (slay +2), weakness stinger 1
a: Begin Untransformation


You were in the Dungeon.
You were a hulking beast.
You visited 1 branch

Inventory:

Armour
 a - a +0 animal skin (worn)
Talismans
 c - a beast talisman (active)
 d - a flux talisman
Scrolls
 j - a scroll of blinking
Potions
 b - a potion of lignification
 f - a potion of heal wounds
 g - a potion of haste
 h - 2 potions of magic
 i - a potion of berserk rage


   Skills:
 * Level 2.1 Fighting
 + Level 2.1 Dodging
 * Level 4.4 Unarmed Combat
 + Level 3.6 Shapeshifting


You had one spell level left.
You didn't know any spells.
Your spell library was empty.

Dungeon Overview and Level Annotations

Branches:
Dungeon (1/1)

Altars:


Innate Abilities, Weirdness & Mutations

You are a hulking beast.
Your limbs bulge with bestial killing power. (Slay +2)
You have a small tail.


Message History

The adder bites you.
You barely miss the adder.
The adder is severely wounded.
The adder bites you.
You closely miss the adder.
The adder is severely wounded.
The adder bites you.
You are poisoned.
The adder poisons you! The adder completely misses you.
You miss the adder.
The adder is severely wounded.
You feel sick. The adder bites you.
You punch the adder!
You kill the adder!
You feel sick.
Your Dodging skill increases to level 2!
Your Unarmed Combat skill increases to level 4!
You have reached level 2!
Your demonic ancestry asserts itself...
You grow a small tail.
You feel better. The quokka bites you. The quokka barely misses you.
Okay, then.
You hit the quokka but do no damage.
Your tail-slap misses the quokka.
The quokka closely misses you.
You hit the quokka. You tail-slap the quokka.
You kill the quokka!
Your Fighting skill increases to level 2!
You hit the ufetubus but do no damage.
Your tail-slap misses the ufetubus.
The ufetubus closely misses you. x2; The ufetubus hits you. x2
You punch the ufetubus!
You kill the ufetubus!
You barely miss the ogre.
Your tail-slap misses the ogre.
The ogre hits you with a +0 giant club.
You barely miss the ogre. You tail-slap the ogre.
The ogre is lightly wounded.
You hit the ogre.
The ogre is lightly wounded.
The ogre hits you with a +0 giant club!
Ouch! That really hurt!
You die...

▓.▓
▓.▓
▓.▓
▓'▓
▓)▓
▓.▓
▓.▓
▓.▓
▓h▓
▓O▓
▓S▓
▓.▓
▓.▓
▓.▓
▓.▓
▓+▓


You could see an ogre and an adder.

Vanquished Creatures
  An adder (D)
  An ufetubus (D)
  A dart slug (D)
  A kobold (D)
  A quokka (D)
  3 ball pythons (D)
8 creatures vanquished.

Notes
Turn   | Place    | Note
-------+----------+-------------------------------------------
     0 | D        | rocky1 the Demonspawn Shapeshifter began the quest for the
                  | Orb.
     0 | D        | Reached XP level 1. HP: 15/15 MP: 1/1
    11 | D        | Reached skill level 3 in Unarmed Combat
   155 | D        | Noticed an ogre
   162 | D        | Reached skill level 4 in Unarmed Combat
   162 | D        | Gained mutation: You have a small tail. [demonic ancestry]
   162 | D        | Reached XP level 2. HP: 6/22 MP: 2/2
   169 | D        | Slain by an ogre

Illustrated notes

Levels and vault maps discovered:
D:        linesprint [early_d, line_temple, items_1, d_10, items_2, lair_1,
          lair_end, items_3, orc_1, orc_end, items_4, d_15, swamp_1, shoals_1,
          snake_1, spider_1, d_20, vaults_1, items_5, swamp_end, shoals_end,
          snake_end, spider_end, vaults_end, d_27, items_6, zot_1, zot_end,
          crypt_end, forest_end, elf_end, slime_end, tomb_end, abyss_end,
          pan_hell_end]

Skill      XL: |  1  2 |
---------------+-------+-----
Unarmed Combat | 4 |  4.4
Shapeshifting  | 3 |  3.6
Dodging        | 2 |  2.1
Fighting       | 2 |  2.1

Action                     || total
---------------------------++-------
  Melee: Unarmed           ||    27
         Punch             ||     1
         Tailslap          ||     2
    Use: Potion            ||     1
  Dodge: Dodged            ||    17

Table legend: (Time is in decaauts)
 A = Elapsed time spent in this place.
 B = Non-inter-level travel time spent in this place.
 C = Inter-level travel time spent in this place.
 D = Time resting spent in this place.
 E = Time spent auto-exploring this place.
 F = Levels seen in this place.
 G = Mean time per level.
                   A        B        C        D        E       F      G
               +--------+--------+--------+--------+--------+-----+--------+
         Total |    167 |    167 |      0 |    131 |      0 |   1 |  167.0 |
       Dungeon |    167 |    167 |      0 |    131 |      0 |   1 |  167.0 |
               +--------+--------+--------+--------+--------+-----+--------+

Top non-repeatable levels by time:
       D: 167 daAuts
